TOP OF THE 1ST |
Pensacola Blue Wahoos batting - Pitching for San Antonio Missions : RHP Jalen Smith
|
Pitching: RHP Jalen Smith
|
|
Batting: RHB Solange Le Coq
|
0-0: Swinging Strike 0-1: Fly out, F8 (Flyball, 8LD, EV 72.5 MPH)
|
Batting: RHB Jon Marquez
|
0-0: Ball 1-0: Foul Ball, location: 2F 1-1: Foul Ball, location: 2F 1-2: Ball 2-2: Ground out 4-3 (Groundball, 4S, EV 85.6 MPH)
|
Batting: LHB Curt Johnson
|
0-0: SINGLE (Groundball, 34D, EV 109.4 MPH)
|
Batting: LHB Steven Wamble
|
0-0: Reached on error, E5 (Groundball, 56, EV 100.0 MPH) Curt Johnson to second
|
Batting: RHB Danny Real
|
0-0: Called Strike 0-1: Foul Ball, location: 2F 0-2: Ball 1-2: Foul Ball, location: 2F 1-2: SINGLE (Groundball, 56D, EV 103.8 MPH) (infield hit) Curt Johnson to third Steven Wamble to second
|
Batting: RHB Colin Lord
|
0-0: Called Strike 0-1: Foul Ball, location: 2F 0-2: Foul Ball, location: 2F 0-2: Ball 1-2: Single, Error in OF, E8, batter to second base (Groundball, 4D, EV 95.0 MPH) Curt Johnson scores Steven Wamble scores Danny Real to third
|
Batting: RHB Jamie Ingram
|
0-0: Ball 1-0: Called Strike 1-1: Ball 2-1: Swinging Strike 2-2: Ball 3-2: Base on Balls
|
Batting: RHB Kagetoki Kawai
|
0-0: Ball 1-0: Ball 2-0: Called Strike 2-1: Fielders Choice at 2nd, 5-4 (Groundball, 56, EV 86.9 MPH)
|
Top of the 1st over - 2 runs, 3 hits, 2 errors, 3 left on base; Pensacola 2 - San Antonio 0 |
BOTTOM OF THE 1ST |
San Antonio Missions batting - Pitching for Pensacola Blue Wahoos : LHP Bill Cooksey
|
Pitching: LHP Bill Cooksey
|
|
Batting: RHB Luwen Storm
|
0-0: Ball 1-0: Ball 2-0: Foul Ball, location: 2F 2-1: Foul Ball, location: 2F 2-2: Foul Ball, location: 2F 2-2: SINGLE (Groundball, 56D, EV 98.8 MPH)
|
Batting: SHB Devin Hottenstein
|
0-0: Ball 1-0: Called Strike 1-1: Ball 2-1: Swinging Strike 2-2: Strikes out swinging
|
Batting: RHB John Shaffer
|
Balk! Luwen Storm to second 0-0: Ball 1-0: Called Strike 1-1: Ground out 4-3 (Groundball, 34, EV 102.5 MPH) Luwen Storm to third
|
Batting: RHB Scott Schwartz
|
0-0: Ground out 5-3 (Groundball, 56S, EV 87.5 MPH)
|
Bottom of the 1st over - 0 runs, 1 hit, 0 errors, 1 left on base; Pensacola 2 - San Antonio 0 |
TOP OF THE 2ND |
Pensacola Blue Wahoos batting - Pitching for San Antonio Missions : RHP Jalen Smith
|
Batting: RHB Bill Hainey
|
0-0: Ball 1-0: Ground out U3 (Groundball, 3S, EV 80.0 MPH)
|
Batting: RHB Solange Le Coq
|
0-0: Foul Ball, location: 2F 0-1: Ball 1-1: Ball 2-1: Foul Ball, location: 2F 2-2: Foul Ball, location: 2F 2-2: Foul Ball, location: 2F 2-2: Strikes out swinging
|
Batting: RHB Jon Marquez
|
0-0: Ground out 6-3 (Groundball, 6, EV 88.1 MPH)
|
Top of the 2nd over - 0 runs, 0 hits, 0 errors, 0 left on base; Pensacola 2 - San Antonio 0 |
BOTTOM OF THE 2ND |
San Antonio Missions batting - Pitching for Pensacola Blue Wahoos : LHP Bill Cooksey
|
Batting: LHB Ben Antal
|
0-0: Ball 1-0: Ground out 4-3 (Groundball, 4, EV 102.5 MPH)
|
Batting: SHB Curtis Thompson
|
0-0: Ball 1-0: SINGLE (Groundball, 5D, EV 104.4 MPH)
|
Batting: LHB Javy Portela
|
0-0: Called Strike 0-1: Swinging Strike 0-2: Foul Ball, location: 2F 0-2: Ball 1-2: Fly out, F9 (Flyball, 9LS, EV 89.4 MPH)
|
Batting: RHB Mario Mejia
|
0-0: Ball 1-0: Fielders Choice at 2nd, 6-4 (Groundball, 6, EV 83.1 MPH)
|
Bottom of the 2nd over - 0 runs, 1 hit, 0 errors, 1 left on base; Pensacola 2 - San Antonio 0 |
TOP OF THE 3RD |
Pensacola Blue Wahoos batting - Pitching for San Antonio Missions : RHP Jalen Smith
|
Batting: LHB Curt Johnson
|
0-0: Ball 1-0: Swinging Strike 1-1: Swinging Strike 1-2: Foul Ball, location: 2F 1-2: Fly out, F7 (Flyball, 78S, EV 87.5 MPH)
|
Batting: LHB Steven Wamble
|
0-0: Ball 1-0: Ground out 5-3 (Groundball, 6S, EV 63.1 MPH)
|
Batting: RHB Danny Real
|
0-0: Ball 1-0: Ground out U3 (Groundball, 13, EV 88.1 MPH)
|
Top of the 3rd over - 0 runs, 0 hits, 0 errors, 0 left on base; Pensacola 2 - San Antonio 0 |
BOTTOM OF THE 3RD |
San Antonio Missions batting - Pitching for Pensacola Blue Wahoos : LHP Bill Cooksey
|
Batting: LHB Josh Slusarczyk
|
0-0: Swinging Strike 0-1: Ball 1-1: SINGLE (Groundball, 4MS, EV 78.8 MPH) (infield hit)
|
Batting: RHB Luwen Storm
|
0-0: Ball 1-0: Called Strike 1-1: Foul Ball, location: 2F 1-2: Ball 2-2: Ground out 5-3 (Groundball, 56S, EV 65.0 MPH) Josh Slusarczyk to second
|
Batting: SHB Devin Hottenstein
|
0-0: Ball 1-0: Called Strike 1-1: Fly out, F7 (Flyball, 78M, EV 91.2 MPH)
|
Batting: RHB John Shaffer
|
0-0: Ground out 5-3 (Groundball, 56, EV 83.8 MPH)
|
Bottom of the 3rd over - 0 runs, 1 hit, 0 errors, 1 left on base; Pensacola 2 - San Antonio 0 |
TOP OF THE 4TH |
Pensacola Blue Wahoos batting - Pitching for San Antonio Missions : RHP Jalen Smith
|
Batting: RHB Colin Lord
|
0-0: SINGLE (Groundball, 6MD, EV 101.2 MPH)
|
Batting: RHB Jamie Ingram
|
0-0: SINGLE (Groundball, 4D, EV 101.9 MPH) Colin Lord to second Runner from 2nd tries for 3rd, SAFE, no throw by CF
|
Batting: RHB Kagetoki Kawai
|
0-0: Called Strike 0-1: Ball 1-1: Called Strike 1-2: Grounds into double play, 6-4-3 (Groundball, 6, EV 100.6 MPH) Colin Lord scores
|
Batting: RHB Bill Hainey
|
0-0: Fly out, F9 (Line Drive, 9, EV 86.9 MPH)
|
Top of the 4th over - 1 run, 2 hits, 0 errors, 0 left on base; Pensacola 3 - San Antonio 0 |
BOTTOM OF THE 4TH |
San Antonio Missions batting - Pitching for Pensacola Blue Wahoos : LHP Bill Cooksey
|
Batting: RHB Scott Schwartz
|
0-0: Foul Ball, location: 2F 0-1: Swinging Strike 0-2: Ball 1-2: Foul Ball, location: 2F 1-2: Ball 2-2: Ball 3-2: Base on Balls
|
Batting: LHB Ben Antal
|
0-0: Foul Ball, location: 2F 0-1: Ball 1-1: Ball 2-1: Ball 3-1: Called Strike 3-2: Strikes out swinging
|
Batting: SHB Curtis Thompson
|
0-0: Ball 1-0: Called Strike 1-1: Foul Ball, location: 2F 1-2: Ball 2-2: Fly out, F8 (Flyball, 8LS, EV 93.1 MPH)
|
Batting: LHB Javy Portela
|
0-0: Ball 1-0: Ball Scott Schwartz is caught stealing 2nd base 2-6
|
Bottom of the 4th over - 0 runs, 0 hits, 0 errors, 0 left on base; Pensacola 3 - San Antonio 0 |
TOP OF THE 5TH |
Pensacola Blue Wahoos batting - Pitching for San Antonio Missions : RHP Jalen Smith
|
Batting: RHB Solange Le Coq
|
0-0: Ball 1-0: Foul Ball, location: 2F 1-1: Ball 2-1: Ball 3-1: Called Strike 3-2: Ground out 4-3 (Groundball, 34, EV 108.1 MPH)
|
Batting: RHB Jon Marquez
|
0-0: Reached via error on a dropped throw from 1B, E1 (Groundball, 34S, EV 85.0 MPH)
|
Batting: LHB Curt Johnson
|
0-0: Ball 1-0: Grounds into double play, 4-6-3 (Groundball, 4, EV 106.9 MPH)
|
Top of the 5th over - 0 runs, 0 hits, 1 error, 0 left on base; Pensacola 3 - San Antonio 0 |
BOTTOM OF THE 5TH |
San Antonio Missions batting - Pitching for Pensacola Blue Wahoos : LHP Bill Cooksey
|
Batting: LHB Javy Portela
|
0-0: Foul Ball, location: 2F 0-1: Swinging Strike 0-2: Strikes out looking
|
Batting: RHB Mario Mejia
|
0-0: Called Strike 0-1: Ball 1-1: Ground out 6-3 (Groundball, 6S, EV 81.9 MPH)
|
Batting: LHB Josh Slusarczyk
|
0-0: Ball 1-0: Ball 2-0: Foul Ball, location: 2F 2-1: Fly out, F7 (Flyball, 7, EV 90.6 MPH)
|
Bottom of the 5th over - 0 runs, 0 hits, 0 errors, 0 left on base; Pensacola 3 - San Antonio 0 |
TOP OF THE 6TH |
Pensacola Blue Wahoos batting - Pitching for San Antonio Missions : RHP Jalen Smith
|
Batting: LHB Steven Wamble
|
0-0: Ball 1-0: Ball 2-0: Foul Ball, location: 2F 2-1: Called Strike 2-2: Ball 3-2: Base on Balls
|
Batting: RHB Danny Real
|
0-0: Ball 1-0: Called Strike 1-1: Called Strike 1-2: Ball 2-2: 2-RUN HOME RUN (Flyball, 7D, EV 97.5 MPH), Distance : 353 ft
|
Pitching: RHP David Deon
|
|
Batting: RHB Colin Lord
|
0-0: Ball 1-0: Foul Ball, location: 2F 1-1: Foul Ball, location: 2F 1-2: Ground out 6-3 (Groundball, 6, EV 96.9 MPH)
|
Batting: RHB Jamie Ingram
|
0-0: SOLO HOME RUN (Line Drive, 7D, EV 99.4 MPH), Distance : 367 ft
|
Batting: RHB Kagetoki Kawai
|
0-0: Ball 1-0: Foul Ball, location: 2F 1-1: Swinging Strike 1-2: Strikes out swinging
|
Batting: RHB Bill Hainey
|
0-0: Ball 1-0: Ground out 4-3 (Groundball, 4, EV 78.8 MPH)
|
Top of the 6th over - 3 runs, 2 hits, 0 errors, 0 left on base; Pensacola 6 - San Antonio 0 |
BOTTOM OF THE 6TH |
San Antonio Missions batting - Pitching for Pensacola Blue Wahoos : LHP Bill Cooksey
|
Batting: RHB Luwen Storm
|
0-0: Ball 1-0: Ball 2-0: Called Strike 2-1: Ground out U3 (Groundball, 3, EV 86.2 MPH)
|
Batting: SHB Devin Hottenstein
|
0-0: Ball 1-0: Fly out, F3 (Popup, 3SF, EV 80.6 MPH)
|
Batting: RHB John Shaffer
|
0-0: Called Strike 0-1: Ball 1-1: Ball 2-1: Ground out 6-3 (Groundball, 6, EV 87.5 MPH)
|
Bottom of the 6th over - 0 runs, 0 hits, 0 errors, 0 left on base; Pensacola 6 - San Antonio 0 |
TOP OF THE 7TH |
Pensacola Blue Wahoos batting - Pitching for San Antonio Missions : RHP David Deon
|
Batting: RHB Solange Le Coq
|
0-0: Ball 1-0: Called Strike 1-1: Ground out 4-3 (Groundball, 4M, EV 99.4 MPH)
|
Batting: RHB Jon Marquez
|
0-0: Ball 1-0: Ground out 3-1 (Groundball, 34, EV 80.6 MPH)
|
Batting: LHB Curt Johnson
|
0-0: Swinging Strike 0-1: Ball 1-1: Ground out 6-3 (Groundball, 6, EV 100.6 MPH)
|
Top of the 7th over - 0 runs, 0 hits, 0 errors, 0 left on base; Pensacola 6 - San Antonio 0 |
BOTTOM OF THE 7TH |
San Antonio Missions batting - Pitching for Pensacola Blue Wahoos : LHP Bill Cooksey
|
Batting: RHB Scott Schwartz
|
0-0: Ball 1-0: Fly out, F9 (Flyball, 89M, EV 79.4 MPH)
|
Batting: LHB Ben Antal
|
0-0: Ball 1-0: Called Strike 1-1: Swinging Strike 1-2: Foul Ball, location: 2F 1-2: Foul Ball, location: 2F 1-2: Ball 2-2: Foul Ball, location: 2F 2-2: SINGLE (Groundball, 34D, EV 103.1 MPH)
|
Batting: SHB Curtis Thompson
|
0-0: Ball 1-0: Called Strike 1-1: Foul Ball, location: 2F 1-2: Foul Ball, location: 2F 1-2: Foul Ball, location: 2F 1-2: Strikes out looking
|
Batting: LHB Javy Portela
|
0-0: Ball 1-0: Called Strike 1-1: Fly out, F8 (Line Drive, 8LM, EV 87.5 MPH)
|
Bottom of the 7th over - 0 runs, 1 hit, 0 errors, 1 left on base; Pensacola 6 - San Antonio 0 |
TOP OF THE 8TH |
Pensacola Blue Wahoos batting - Pitching for San Antonio Missions : RHP David Deon
|
Batting: LHB Steven Wamble
|
0-0: Ball 1-0: Called Strike 1-1: Called Strike 1-2: Foul Ball, location: 2F 1-2: Strikes out looking
|
Batting: RHB Danny Real
|
0-0: Called Strike 0-1: Foul Ball, location: 2F 0-2: Ball 1-2: Foul Ball, location: 2F 1-2: Strikes out swinging
|
Batting: RHB Colin Lord
|
0-0: Ground out 3-1 (Groundball, 34, EV 103.8 MPH)
|
Top of the 8th over - 0 runs, 0 hits, 0 errors, 0 left on base; Pensacola 6 - San Antonio 0 |
BOTTOM OF THE 8TH |
San Antonio Missions batting - Pitching for Pensacola Blue Wahoos : LHP Bill Cooksey
|
Pitching: LHP Mario Arango
|
|
Batting: RHB Mario Mejia
|
0-0: Called Strike 0-1: Ball 1-1: Called Strike 1-2: SINGLE (Groundball, 56D, EV 98.8 MPH)
|
Batting: LHB Josh Slusarczyk
|
0-0: Foul Ball, location: 2F 0-1: Foul Ball, location: 2F 0-2: Foul Ball, location: 2F 0-2: Ball 1-2: Ball 2-2: Foul Ball, location: 2F 2-2: Strikes out looking
|
Batting: RHB Luwen Storm
|
0-0: Ball 1-0: Ball 2-0: Grounds into double play, 4-6-3 (Groundball, 4, EV 82.5 MPH)
|
Bottom of the 8th over - 0 runs, 1 hit, 0 errors, 0 left on base; Pensacola 6 - San Antonio 0 |
TOP OF THE 9TH |
Pensacola Blue Wahoos batting - Pitching for San Antonio Missions : RHP David Deon
|
Batting: RHB Jamie Ingram
|
0-0: Ball 1-0: Ball 2-0: Swinging Strike 2-1: Foul Ball, location: 2F 2-2: Ball 3-2: Ground out 6-3 (Groundball, 6MD, EV 85.0 MPH)
|
Batting: RHB Kagetoki Kawai
|
0-0: Ball 1-0: Swinging Strike 1-1: Ball 2-1: Ground out 1-3 (Groundball, P, EV 65.6 MPH)
|
Batting: RHB Bill Hainey
|
0-0: Called Strike 0-1: Foul Ball, location: 2F 0-2: Ball 1-2: Ball 2-2: Foul Ball, location: 2F 2-2: Ball 3-2: Foul Ball, location: 2F 3-2: Strikes out looking
|
Top of the 9th over - 0 runs, 0 hits, 0 errors, 0 left on base; Pensacola 6 - San Antonio 0 |
BOTTOM OF THE 9TH |
San Antonio Missions batting - Pitching for Pensacola Blue Wahoos : LHP Mario Arango
|
Batting: SHB Devin Hottenstein
|
0-0: Ball 1-0: Called Strike 1-1: Foul Ball, location: 2F 1-2: Ball 2-2: Ball 3-2: Base on Balls
|
Batting: RHB John Shaffer
|
0-0: Foul Ball, location: 2F 0-1: Foul Ball, location: 2F 0-2: Foul Ball, location: 2F 0-2: Strikes out swinging
|
Batting: RHB Scott Schwartz
|
0-0: Called Strike 0-1: Ball 1-1: Fly out, F3 (Popup, 3SF, EV 76.9 MPH)
|
Batting: LHB Ben Antal
|
0-0: Swinging Strike 0-1: Ball 1-1: Foul Ball, location: 2F 1-2: Foul Ball, location: 2F 1-2: Ball 2-2: Foul Ball, location: 2F 2-2: Foul Ball, location: 2F 2-2: Ball 3-2: Strikes out looking
|
Bottom of the 9th over - 0 runs, 0 hits, 0 errors, 1 left on base; Pensacola 6 - San Antonio 0 |
|